 Dungeon Crawl Stone Soup version 0.23.2-33-g5129a83184 (webtiles) character file.

Game seed: 7598573437307276700

1535 FishyPogo the Fighter (level 8, 0/88 HPs)
             Began as an Ogre Hunter on Aug 6, 2019.
             Slain by a bullfrog (8 damage)
             ... on level 6 of the Dungeon.
             The game lasted 00:31:41 (5780 turns).

FishyPogo the Fighter (Ogre Hunter)                 Turns: 5780, Time: 00:31:42

Health: 0/88       AC:  3    Str: 18    XL:     8   Next: 86%
Magic:  8/8        EV: 12    Int: 12    God:
Gold:   185        SH:  0    Dex: 10    Spells: 7/7 levels left

rFire    . . .     SeeInvis +   a - +1 short sword (speed)
rCold    . . .     Gourm    +   (no shield)
rNeg     . . .     Faith    .   b - +0 robe
rPois    +         Spirit   .   (helmet restricted)
rElec    .         Reflect  .   (no cloak)
rCorr    .         Harm     .   (gloves unavailable)
MR       .....     Clarity  +   (boots unavailable)
Stlth    +.........             y - amulet of the gourmand
HPRegen  0.24/turn              e - ring of see invisible
MPRegen  0.11/turn              (no ring)

@: no status effects
A: large, unfitting armour, clarity, poison resistance, tough skin 1
a: no special abilities


You were on level 6 of the Dungeon.
You were completely stuffed.

You visited 1 branch of the dungeon, and saw 6 of its levels.

You collected 185 gold pieces.

Inventory:

Hand Weapons
 a - a +1 short sword of speed (weapon)
 x - a +0 war axe
Missiles
 c - 13 large rocks
 d - a throwing net (quivered)
 l - 6 steel javelins
 o - 9 tomahawks
 p - 89 stones
Armour
 b - a +0 robe (worn)
Jewellery
 e - a ring of see invisible (left hand)
 y - an amulet of the gourmand (around neck)
Wands
 z - a wand of random effects (13)
Scrolls
 g - a scroll of blinking {unknown}
 h - 3 scrolls of teleportation
 k - 6 scrolls of fear {unknown}
 m - 5 scrolls of identify {unknown}
 n - 3 scrolls of amnesia {unknown}
 q - 2 scrolls of remove curse
 r - a scroll of enchant weapon {unknown}
 u - a scroll of enchant armour {unknown}
 v - a scroll of noise {unknown}
 w - 2 scrolls of magic mapping {unknown}
Potions
 i - a potion of haste
 j - a potion of agility
 s - 2 potions of mutation
 t - a potion of ambrosia {unknown}
Comestibles
 f - 6 rations
 A - 2 chunks of flesh


   Skills:
 - Level 8.0 Fighting
 - Level 2.5 Short Blades
 * Level 3.8 Axes
 * Level 5.4 Throwing
 * Level 6.1 Dodging
 - Level 1.0 Stealth


You had 7 spell levels left.
You didn't know any spells.
Your spell library contained the following spells:

 Spells                   Type           Power        Failure   Level  Hunger
 Animate Skeleton         Necr           N/A          32%         1    ##.....
 Pain                     Necr           #...         32%         1    ##.....
 Regeneration             Chrm/Necr      #.........   69%         3    ####...
 Vampiric Draining        Necr           #.........   69%         3    ####...
 Animate Dead             Necr           N/A          97%         4    #####..


Dungeon Overview and Level Annotations

Branches:
Dungeon (6/15)
 Temple: D:4-7

Altars:
Ashenzari
Cheibriados
Gozag
Kikubaaqudgha


Innate Abilities, Weirdness & Mutations

You are too large for most types of armour.
You have tough skin. (AC +1)
You possess an exceptional clarity of mind.
Your system is resistant to poisons. (rPois)


Message History

The ogre completely misses you. The ogre closely misses you.
The bullfrog barely misses you. The bullfrog hits you. The bullfrog hits you.
The bullfrog hits you. The bullfrog hits you!
* * * LOW HITPOINT WARNING * * *
The bullfrog hits you!
* * * LOW HITPOINT WARNING * * *
The bullfrog closely misses you.
The bullfrog hits you but does no damage.
The bullfrog hits you.
* * * LOW HITPOINT WARNING * * *
The bullfrog hits you.
* * * LOW HITPOINT WARNING * * *
There is a stone staircase leading up here.
Things that are here:
a +0 mace; a +0 plate armour The bullfrog hits you!
You die...

######### #.......####
#..@.......########
######...F...##........##
#...##....O..#...........
#...#######.#............
#...# #oo............
#...# ##.............
#...########..5.........#
#.^)....##.÷...h.......#
#...###<##÷##.##..##.###


You could see a black bear, an ogre, a bullfrog, a shadow imp and 2 orcs.

Vanquished Creatures
  The ghost of Sylven the Archer, a novice CeHu (D:4)
  An orc warrior (D:6)
  A sky beast (D:5)
  2 phantoms (D:4)
  2 ogres
  2 bullfrogs
  2 howler monkeys (D:4)
  A hound (D:6)
  A centaur skeleton (D:4)
  An orc priest (D:5)
  A jelly (D:5)
  A bullfrog skeleton (D:4)
  Terence (D:2)
  An orc wizard (D:3)
  A hound skeleton (D:4)
  8 gnolls
  10 adders
  An ooze (D:3)
  4 worms
  4 dart slugs
  2 leopard geckos
  17 orcs
  5 giant cockroaches
  6 goblins (D:1)
  A hobgoblin (D:3)
  8 jackals
  A quokka (D:5)
  3 bats
  3 frilled lizards
  4 kobolds
  A leopard gecko skeleton (D:4)
  9 rats
106 creatures vanquished.

Notes
Turn   | Place    | Note
-------+----------+-------------------------------------------
     0 | D:1      | FishyPogo the Ogre Hunter began the quest for the Orb.
     0 | D:1      | Reached XP level 1. HP: 22/22 MP: 1/1
    72 | D:1      | Reached skill level 3 in Fighting
   108 | D:1      | Reached XP level 2. HP: 31/31 MP: 2/2
   134 | D:1      | Reached skill level 1 in Stealth
   667 | D:2      | Reached XP level 3. HP: 37/37 MP: 3/3
   746 | D:2      | Noticed Terence
   777 | D:2      | Killed Terence
   777 | D:2      | Reached skill level 4 in Fighting
   842 | D:2      | Reached XP level 4. HP: 27/48 MP: 4/4
  1017 | D:2      | Reached skill level 1 in Short Blades
  1354 | D:2      | Reached XP level 5. HP: 48/55 MP: 5/5
  1709 | D:2      | Reached skill level 5 in Fighting
  1887 | D:3      | Found a shattered altar of Ashenzari.
  1920 | D:3      | Found an ancient bone altar of Kikubaaqudgha.
  1946 | D:3      | Found a snail-covered altar of Cheibriados.
  2121 | D:3      | Gained mutation: Your system is resistant to poisons.
                  | (rPois) [potion of mutation]
  2121 | D:3      | Gained mutation: You possess an exceptional clarity of
                  | mind. [potion of mutation]
  2728 | D:2      | Reached XP level 6. HP: 35/66 MP: 6/6
  2778 | D:3      | Found a faded altar of an unknown god.
  3181 | D:4      | Noticed a phantom
  3237 | D:4      | Killed a phantom
  3237 | D:4      | Reached skill level 6 in Fighting
  3493 | D:4      | Reached XP level 7. HP: 73/76 MP: 7/7
  3629 | D:4      | Reached skill level 7 in Fighting
  3847 | D:4      | Reached skill level 1 in Axes
  3847 | D:4      | Reached skill level 5 in Dodging
  3884 | D:4      | Found a runed translucent gate.
  4024 | D:4      | Found a runed translucent gate.
  4024 | D:4      | Found a runed translucent gate.
  4026 | D:4      | Noticed Sylven's ghost (novice CeHu)
  4048 | D:4      | Killed Sylven's ghost
  4048 | D:4      | Reached XP level 8. HP: 19/88 MP: 8/8
  4396 | D:5      | Entered Level 5 of the Dungeon
  4451 | D:5      | Reached skill level 8 in Fighting
  5063 | D:5      | Found an opulent altar of Gozag.
  5496 | D:6      | Reached skill level 5 in Throwing
  5780 | D:6      | Slain by a bullfrog

Skill      XL: |  1  2  3  4  5  6  7  8 |
---------------+-------------------------+-----
Fighting       | 3 4 5 6 7 8 |  8.0
Dodging        | 2 3 4 5 6 |  6.1
Stealth        | 1 |  1.0
Short Blades   | 1 2 |  2.5
Axes           | 2 3 |  3.8
Throwing       | 5 |  5.4

Action                   |  1- 3 |  4- 6 |  7- 9 || total
-------------------------+-------+-------+-------++-------
Melee: Short sword       |    35 |   189 |   237 ||   461
       Dagger            |    66 |    96 |       ||   162
Throw: Large rock        |     7 |     5 |    13 ||    25
       Tomahawk          |     6 |       |       ||     6
       Stone             |       |   145 |    53 ||   198
       Throwing net      |       |       |     3 ||     3
  Use: Potion            |       |     4 |     3 ||     7
       Scroll            |       |       |     2 ||     2
 Stab: Sleeping          |       |     1 |     1 ||     2
       Held in net/web   |       |       |     1 ||     1
  Eat: Chunk             |       |    12 |    16 ||    28
Armor: Robe              |    26 |    20 |    15 ||    61
Dodge: Dodged            |    59 |   107 |    71 ||   237
